 Dungeon Crawl Stone Soup version 0.26.0-10-g1f06aea511 (webtiles) character file.

Game seed: 1811792862049891678

1425 Dracia the Twirler (level 8, -16/62 HPs)
             Began as a Demonspawn Gladiator on Jan 22, 2021.
             Was an Initiate of Makhleb.
             Killed from afar by Maggie (23 damage)
             ... with a bolt of fire
             ... on level 6 of the Dungeon.
             The game lasted 00:09:31 (6673 turns).

Dracia the Twirler (Demonspawn Gladiator)           Turns: 6673, Time: 00:09:32

Health: -16/62     AC: 11    Str: 15    XL:     8   Next: 44%
Magic:  11/11      EV: 14    Int: 11    God:    Makhleb [......]
Gold:   331        SH:  0    Dex: 15    Spells: 7/7 levels left

rFire    . . .     SeeInvis .   a - +1 quarterstaff
rCold    . . .     Faith    .   (shield currently unavailable)
rNeg     . . .     Spirit   .   b - +0 leather armour
rPois    .         Reflect  .   (helmet restricted)
rElec    +         Harm     .   (no cloak)
rCorr    .         Rampage  .   q - +1 pair of gloves
Will     .....                  (no boots)
Stlth    +.........             u - amulet of Nuodgh {RegenMP rElec}
HPRegen  0.20/turn              O - +4 ring of protection
MPRegen  0.37/turn              L - ring of flight

@: no status effects
A: horns 2, powered by pain 1, sharp scales 2
a: Renounce Religion, Evoke Flight


You were on level 6 of the Dungeon.
You worshipped Makhleb.
Makhleb was noncommittal.
You visited 2 branches of the dungeon, and saw 7 of its levels.

You collected 331 gold pieces.


Innate Abilities, Weirdness & Mutations

You have a pair of horns on your head.
You sometimes gain a little power by taking damage.
You are mostly covered in razor-sharp scales. (AC +2, Slay +2)


   Skills:
 - Level 5.0 Fighting
 - Level 7.0 Staves
 - Level 1.7 Throwing
 - Level 2.7 Armour
 - Level 4.0 Dodging
 + Level 5.1 Invocations


You had 7 spell levels left.
You didn't know any spells.
Your spell library contained the following spells:

 Spells                   Type           Power        Failure   Level
 Sting                    Tmut/Pois      0%           41%         1
 Summon Small Mammal      Summ           0%           41%         1
 Call Imp                 Summ           0%           54%         2
 Call Canine Familiar     Summ           0%           78%         3
 Summon Guardian Golem    Hex/Summ       0%           78%         3
 Summon Ice Beast         Ice/Summ       0%           99%         4
 Summon Lightning Spire   Summ/Air       0%           99%         4

Inventory:

Hand Weapons
 a - a +1 quarterstaff (weapon)
 w - a +0 trident of venom
Missiles
 d - a throwing net (quivered) {=f=f}
 x - 21 poisoned darts
Armour
 b - a +0 leather armour (worn)
 c - a +1 helmet
 q - a +1 pair of gloves (worn)
Jewellery
 o - an uncursed ring of protection from fire {unknown}
 u - the amulet of Nuodgh (around neck) {RegenMP rElec}
   (You found it on level 4 of the Dungeon)

   [amulet of magic regeneration]

   It increases your magic regeneration.
   It insulates you from electricity.
 L - a ring of flight (right hand)
 O - a +4 ring of protection (left hand)
Wands
 t - a wand of disintegration (3)
Scrolls
 f - 7 scrolls of identify {@r1@r1}
 g - 4 scrolls of remove curse {@r2@r2}
 l - 2 scrolls of amnesia
 n - a scroll of teleportation {@r4@r4}
 s - 2 scrolls of enchant weapon
 y - a scroll of enchant armour
Potions
 e - 2 potions of degeneration
 h - a potion of haste {@q3@q3}
 i - a potion of cancellation {unknown}
 j - 4 potions of attraction {unknown}
 k - a potion of flight {unknown}
 m - 3 potions of berserk rage {!q!q}
 p - a potion of might
 r - a potion of brilliance {unknown}
 v - a potion of heal wounds {unknown}

Dungeon Overview and Level Annotations

Branches:
Dungeon (6/15)             Temple (1/1) D:6

Altars:
Kikubaaqudgha
Makhleb
Nemelex Xobeh
Okawaru
Ru
Sif Muna
Trog
Uskayaw

Shops:
D:6 }}*(*

Annotations:
D:6 Maggie

.......#..........#....# #...#
.......#..........#....# +...#
##########..##...##....###+##...#
##########'###...###+#......#...#
....#....#...........#......#....
....#...÷'...........#......'...P
....'....#...........#......#..P∩
##.###..########.#####......#..PP
##.###..#### ##@###....#+###†...
#...#......# #..{.#....#.......#
#...#......# #....#....#.......#
'...#......# #....'....+.......#
#...#......# #....#....#.......#
##..#...#### ##+###....#..##...#
######## #..<.....###+# #...#
#........# #...# #........# +


There were no monsters in sight!


Message History

Deactivating autopickup; reactivate with Ctrl-A.
Something wriggles in the net.
You sock something! You barely miss something.
You hear some strange, mumbled words.
Something wriggles in the net.
You hit something but do no damage. You hit something but do no damage.
You headbutt something.
Something wriggles in the net.
All of a sudden the net rips apart!
You hit something.
You hear some strange, mumbled words.
A bolt of fire appears from out of thin air!
The bolt of fire hits you!!
You hit something. Something hits you! Something burns you.
You hit something. Something hits you. Something burns you.
You sock something! You miss something. You headbutt something.
Something hits you.
* * * LOW HITPOINT WARNING * * *
Something burns you.
* * * LOW HITPOINT WARNING * * *
You hit something but do no damage.
You hear some strange, mumbled words.
A bolt of fire appears from out of thin air!
The bolt of fire hits you!!
* * * LOW HITPOINT WARNING * * *
You closely miss something.
You hear some strange, mumbled words.
A bolt of fire appears from out of thin air!
The bolt of fire hits you!!
You die...

Skill      XL: |  1  2  3  4  5  6  7  8 |
---------------+-------------------------+-----
Staves         | 3 4 5 6 7 |  7.0
Fighting       | 3 5 |  5.0
Armour         | 2 |  2.7
Dodging        | 3 4 |  4.0
Invocations    | 5 |  5.1
Throwing       | |  1.7

Action                   |  1- 3 |  4- 6 |  7- 9 || total
-------------------------+-------+-------+-------++-------
Melee: Quarterstaff      |   122 |   215 |   141 ||   478
       Headbutt          |       |    29 |    28 ||    57
Throw: Throwing net      |       |     1 |     4 ||     5
Evoke: Wand              |       |       |     4 ||     4
  Use: Scroll            |       |     9 |     3 ||    12
 Stab: Sleeping          |       |     1 |     2 ||     3
       Held in net/web   |       |     1 |     2 ||     3
Armor: Leather armour    |    29 |    65 |    43 ||   137
Dodge: Dodged            |    75 |   118 |    73 ||   266

Levels and vault maps discovered:
D:1:      zelgadis_glass_arrival_small, layout_basic
D:2:      layout_loops_ring, gammafunk_temple_overflow_forgotten, minivault_26,
          kennysheep_cross_bottleneck, kennysheep_small_spiral, uniq_terence
D:3:      layout_basic, nzn_overflow_gifts_of_might_and_magic
D:4:      layout_gridville, kennysheep_little_box
D:5:      layout_basic, uniq_edmund
D:6:      layout_gridville, minmay_temple_entry_offerings, serial_shops, shop,
          shop, shop_fountains, nicolae_shop_overgrown_old_shop, shop,
          uniq_maggie
Temple:   nicolae_temple_figure_zero

Notes
Turn   | Place    | Note
-------+----------+-------------------------------------------
     0 | D:1      | Dracia the Demonspawn Gladiator began the quest for the
                  | Orb.
     0 | D:1      | Reached XP level 1. HP: 16/16 MP: 1/1
   123 | D:1      | Reached skill level 3 in Staves
   195 | D:1      | Gained mutation: You sometimes gain a little power by
                  | taking damage. [demonic ancestry]
   195 | D:1      | Reached XP level 2. HP: 22/22 MP: 2/2
   779 | D:1      | Gained mutation: You are partially covered in razor-sharp
                  | scales. (AC +1, Slay +1) [demonic ancestry]
   779 | D:1      | Reached XP level 3. HP: 27/27 MP: 3/3
   952 | D:1      | Reached skill level 4 in Staves
  1481 | D:2      | Noticed Terence
  1499 | D:2      | Killed Terence
  1500 | D:2      | Reached XP level 4. HP: 11/33 MP: 4/4
  2337 | D:2      | Found a hide-covered altar of Uskayaw.
  2337 | D:2      | Found a sacrificial altar of Ru.
  2338 | D:2      | Found an iron altar of Okawaru.
  2634 | D:3      | Reached skill level 5 in Staves
  2758 | D:3      | Gained mutation: You have a pair of small horns on your
                  | head. [demonic ancestry]
  2758 | D:3      | Reached XP level 5. HP: 38/38 MP: 5/5
  2771 | D:3      | Found a bloodstained altar of Trog.
  2783 | D:3      | Found a shimmering blue altar of Sif Muna.
  2786 | D:3      | Identified Sif Muna's Compendium of Shape Shifting
  3148 | D:3      | Reached skill level 6 in Staves
  3416 | D:3      | Reached XP level 6. HP: 32/44 MP: 6/6
  3883 | D:4      | Found an ancient bone altar of Kikubaaqudgha.
  4258 | D:4      | Reached skill level 7 in Staves
  4588 | D:4      | Reached skill level 3 in Fighting
  4651 | D:4      | Gained mutation: You are mostly covered in razor-sharp
                  | scales. (AC +2, Slay +2) [demonic ancestry]
  4651 | D:4      | Reached XP level 7. HP: 27/53 MP: 7/7
  4843 | D:4      | Got a scorched ruby amulet
  4849 | D:4      | Identified the amulet of Nuodgh {RegenMP rElec} (You found
                  | it on level 4 of the Dungeon)
  4912 | D:5      | Entered Level 5 of the Dungeon
  4937 | D:5      | Reached skill level 4 in Fighting
  5162 | D:5      | Noticed Edmund
  5222 | D:4      | Killed Edmund
  5223 | D:4      | Reached skill level 5 in Fighting
  5348 | D:5      | Reached skill level 1 in Armour
  5348 | D:5      | Reached skill level 3 in Dodging
  5838 | D:6      | Noticed Maggie
  6030 | D:6      | Found Sonwudea's Assorted Antiques.
  6039 | D:6      | Reached skill level 2 in Armour
  6152 | D:6      | Gained mutation: You have a pair of horns on your head.
                  | [demonic ancestry]
  6152 | D:6      | Reached XP level 8. HP: 62/62 MP: 8/8
  6198 | D:6      | Found a staircase to the Ecumenical Temple.
  6202 | D:6      | Reached skill level 4 in Dodging
  6213 | D:6      | Found Agruat's Weapon Emporium.
  6232 | Temple   | Entered the Ecumenical Temple
  6279 | Temple   | Became a worshipper of Makhleb the Destroyer
  6337 | D:6      | Found Kaluil's General Store.
  6368 | D:6      | Reached skill level 1 in Invocations
  6406 | D:6      | Found Duxza's Gadget Shoppe.
  6424 | D:6      | Found Wagoy's Gadget Boutique.
  6453 | D:6      | Reached skill level 2 in Invocations
  6474 | D:6      | Reached skill level 4 in Invocations
  6530 | D:6      | Reached skill level 5 in Invocations
  6673 | D:6      | Killed from afar by Maggie

Vanquished Creatures
  Edmund (D:4)
  A water moccasin (D:6)
  2 phantoms (D:6)
  2 ogres
  2 bullfrogs (D:6)
  2 scorpions
  A bullfrog zombie (D:6)
  A jelly (D:4)
  An orc priest (D:3)
  A hound (D:4)
  2 iguanas
  Terence (D:2)
  2 orc wizards
  4 worker ants
  5 gnolls (D:3)
  A howler monkey skeleton (D:5)
  7 adders
  2 shadow imps
  3 white imps
  An ufetubus (D:5)
  2 oozes
  2 adder skeletons
  An adder zombie (D:6)
  4 worms (D:2)
  2 dart slugs
  4 leopard geckos
  18 orcs
  6 bats
  4 giant cockroaches
  11 goblins
  12 hobgoblins
  4 jackals (D:1)
  6 kobolds
  2 quokkas
  2 ball pythons
  A ball python zombie (D:5)
  7 frilled lizards
  A quokka zombie (D:6)
  7 rats
  A bush (D:2)
139 creatures vanquished.

Vanquished Creatures (others)
  4 plants
4 creatures vanquished.

Grand Total: 143 creatures vanquished

Table legend: (Time is in decaauts)
 A = Elapsed time spent in this place.
 B = Non-inter-level travel time spent in this place.
 C = Inter-level travel time spent in this place.
 D = Time resting spent in this place.
 E = Time spent auto-exploring this place.
 F = Levels seen in this place.
 G = Mean time per level.
                   A        B        C        D        E       F      G
               +--------+--------+--------+--------+--------+-----+--------+
         Total |   6684 |   6476 |    208 |    853 |   4620 |   7 |  954.9 |
       Dungeon |   6625 |   6436 |    189 |    853 |   4582 |   6 | 1104.2 |
        Temple |     59 |     40 |     19 |      0 |     38 |   1 |   59.0 |
               +--------+--------+--------+--------+--------+-----+--------+

Top non-repeatable levels by time:
     D:2: 1587 daAuts
     D:4: 1311 daAuts
     D:1: 1302 daAuts
     D:5: 889 daAuts
     D:3: 861 daAuts
     D:6: 672 daAuts
  Temple: 59 daAuts

Table legend:
 A = Non-vault XP
 B = Vault XP
 C = Vault XP percentage of total XP
 D = Non-vault monster count
 E = Vault monster count
 F = Vault count percentage of total count
                 A         B        C        D         E       F
            +---------+---------+-------+---------+---------+-------
      Total |    1822 |     215 |  10.6 |     134 |       4 |   2.9
            +---------+---------+-------+---------+---------+-------
        D:1 |      54 |       0 |   0.0 |      32 |       0 |   0.0
        D:2 |      58 |      36 |  38.3 |      15 |       1 |   6.2
        D:3 |     243 |      25 |   9.3 |      39 |       2 |   4.9
        D:4 |     451 |     154 |  25.5 |      17 |       1 |   5.6
        D:5 |     247 |       0 |   0.0 |      19 |       0 |   0.0
        D:6 |     769 |       0 |   0.0 |      12 |       0 |   0.0
            +---------+---------+-------+---------+---------+-------
